 Dungeon Crawl Stone Soup version 0.21.0-3-g78d12a8 (webtiles) character file.

77 komo4ek the Bolt Thrower (level 4, -3/37 HPs)
             Began as a Centaur Hunter on Jan 14, 2018.
             Succumbed to a kobold's poison
             ... on level 2 of the Dungeon.
             The game lasted 00:03:56 (1604 turns).

komo4ek the Bolt Thrower (Centaur Hunter)           Turns: 1604, Time: 00:03:57

Health: -3/37      AC:  8    Str: 15    XL:     4   Next: 14%
Magic:  4/4        EV:  9    Int: 12    God:
Gold:   55         SH:  0    Dex: 10    Spells: 3/3 levels left

rFire    . . .     SeeInvis .   b - +0 short sword
rCold    . . .     Gourm    .   (no shield)
rNeg     . . .     Faith    .   c - +0 leather armour
rPois    .         Spirit   .   (no helmet)
rElec    .         Reflect  .   (no cloak)
rCorr    .         Harm     .   e - +1 pair of gloves
MR       .....     Rnd*Tele +   (no barding)
Stlth    +.........             (no amulet)
HPRegen  0.12/turn              j - ring of teleportation (curse)
MPRegen  0.09/turn              (no ring)

@: lethally poisoned (-3 -> -33), berserk cooldown, slowed
A: large, hooves 3, slimy green scales 1, thin skeletal structure 1, clever 1,
clumsy 1, deformed body, speed 2, tough skin 3
a: no special abilities


You were on level 2 of the Dungeon.
You were very hungry.

You visited 1 branch of the dungeon, and saw 2 of its levels.

You collected 55 gold pieces.

Inventory:

Hand Weapons
 a - a +1 hand crossbow
 b - a +0 short sword (weapon)
Missiles
 d - 53 bolts
 g - 5 javelins (quivered)
Armour
 c - a +0 leather armour (worn)
 e - a +1 pair of gloves (worn)
Jewellery
 j - a cursed ring of teleportation (left hand)
Scrolls
 h - 4 scrolls of teleportation {unknown}
 i - 3 scrolls of identify {unknown}
 k - a scroll of enchant weapon {unknown}
 l - a scroll of amnesia {unknown}
 m - 3 scrolls of remove curse {unknown}
Comestibles
 f - 3 rations


   Skills:
 + Level 2.8 Fighting
 + Level 4.9 Crossbows
 + Level 1.1 Armour
 + Level 2.0 Dodging
 - Level 0.4 Stealth


You had 3 spell levels left.
You didn't know any spells.

Dungeon Overview and Level Annotations

Branches:
Dungeon (2/15)

Altars:
Okawaru


Innate Abilities, Weirdness & Mutations

You have hooves in place of feet.
Armour fits poorly on your strangely shaped body.
You cover ground very quickly.
You have extremely tough skin. (AC +3)
You are partially covered in slimy green scales. (AC +2)
You have a somewhat thin skeletal structure. (Dex +2, Stealth)
Your mind is acute. (Int +2)
You are clumsy. (Dex -2)


Message History

You kill the worker ant!
Your Dodging skill increases to level 2!
You have reached level 4!
You feel stronger.
You are no longer berserk.
You are exhausted.
You feel yourself slow down.
* * * LOW HITPOINT WARNING * * *
You feel sick. The kobold hits you but does no damage.
You are more poisoned.
It was a potion of mutation.
You feel extremely strange.
You feel clever.
Your bones become slightly less dense.
You feel clumsy.
Slimy green scales grow over part of your body.
* * * LOW HITPOINT WARNING * * *
You feel sick. The kobold hits you but does no damage.
You are more poisoned.
The kobold hits you but does no damage.
You are more poisoned.
You closely miss the kobold.
You die...

##.....#####....#
.........## #..##.#........#
.......#...
##.##.#.###.)..#####
..#..#.#.[. . #.##.#.#
#....#.%.# ## #.#...
..#.##.#.###....#...# .b##..
♣....#.#....##.##...# ..##..
#......####.##.##.).#
..>#... #...##a#
#.##.##K..##.## ##.#...
#...##.# #.##..@†.l.....
#.#... #......#
#.##########.## #.#...
#.####.# #.........<# ..
#.#.#. #.
#.#####################.#.#.
..
#.....a...)...............#.
#######################.###.
#..... ######


You could see a kobold and a frilled lizard.

Vanquished Creatures
  A worker ant (D:2)
  2 adders (D:2)
  3 leopard geckos
  2 bats
  4 goblins
  6 hobgoblins
  2 jackals (D:1)
  4 kobolds (D:1)
  2 quokkas (D:2)
  2 frilled lizards (D:1)
  3 rats
31 creatures vanquished.

Notes
Turn   | Place    | Note
-------+----------+-------------------------------------------
     0 | D:1      | komo4ek the Centaur Hunter began the quest for the Orb.
     0 | D:1      | Reached XP level 1. HP: 17/17 MP: 1/1
   275 | D:1      | Reached XP level 2. HP: 17/24 MP: 2/2
  1024 | D:2      | Found an iron altar of Okawaru.
  1120 | D:2      | Reached XP level 3. HP: 24/30 MP: 3/3
  1184 | D:2      | Reached skill level 1 in Armour
  1602 | D:2      | Reached XP level 4. HP: 6/37 MP: 4/4
  1603 | D:2      | Gained mutation: Your mind is acute. (Int +2) [potion of mutation]
  1603 | D:2      | Gained mutation: You have a somewhat thin skeletal structure. (Dex +2, Stealth) [potion of mutation]
  1603 | D:2      | Gained mutation: You are clumsy. (Dex -2) [potion of mutation]
  1603 | D:2      | Gained mutation: You are partially covered in slimy green scales. (AC +2) [potion of mutation]
  1603 | D:2      | HP: 1/37 [poisoned by a kobold]
  1604 | D:2      | Succumbed to a kobold's poison

Skill      XL: |  1  2  3 |
---------------+----------+-----
Armour         | 1 |  1.1
Dodging        | 2 |  2.0
Fighting       | |  2.8
Crossbows      | |  4.9
Stealth        | |  0.4

Action                   |  1- 3 |  4- 6 || total
-------------------------+-------+-------++-------
Melee: Short sword       |   107 |     1 ||   108
       Kick              |    22 |       ||    22
 Fire: Hand crossbow     |     2 |       ||     2
Throw: Javelin           |     2 |       ||     2
  Use: Potion            |     2 |     1 ||     3
Armor: Leather armour    |    43 |     2 ||    45
Dodge: Dodged            |    50 |       ||    50
